cohdb
Replays
Latest Replays
All Replays
Popular Replays
Top Player Replays
Match Explorer
How It Works
Community
CoH3 Stats
Reddit
Sign in to upload your games and track your stats! →
Sign in with Steam
Match 40923971
Unlisted
Match 40923971
Overview
Messages
Build Orders
End
Selects Airborne Battlegroup
Selects Pathfinders
Pathfinder Squad
Pathfinder Squad
Construct Weapon Support Center
Pathfinder Squad
Bazooka Squad
Mechanized Support Center
Construct Medical Station
Selects Paratrooper Squad Paradrop
Paratrooper Squad Paradrop
Paratrooper Squad Paradrop
Selects Recon Loiter
Improved M9 Bazooka Rockets
Bazooka Squad
Construct Tank Depot
Selects Supply Drop
Dromaeda
concrusher
aion907(ROK)
Jimbo Rustles
OCTAVOR1
Hudfadern
0
0
Comments
sign in to comment!
No comments posted yet!